 Dungeon Crawl Stone Soup version 0.24-a0-497-g5a03d68f59 (webtiles) character file.

Game seed: 396891839341540155

250 Azzok the Ruffian (level 6, -1/52 HPs)
             Began as a Ghoul Fighter on July 13, 2019.
             Was an Initiate of Makhleb.
             Slain by Sigmund
             ... wielding a +0 scythe
              (3 damage)
             ... on level 3 of the Dungeon.
             The game lasted 00:04:25 (2481 turns).

Azzok the Ruffian (Ghoul Fighter)                   Turns: 2481, Time: 00:04:26

Health: -1/52      AC:  9    Str: 27    XL:     6   Next: 13%
Magic:  5/5        EV:  8    Int:  3    God:    Makhleb [......]
Gold:   87         SH:  9    Dex:  8    Spells: 5/5 levels left

rFire    . . .     SeeInvis .   m - +4 spear (venom)
rCold    + . .     Gourm    .   b - +0 shield
rNeg     + + +     Faith    .   a - +0 scale mail
rPois    ∞         Spirit   .   n - +0 helmet
rElec    .         Reflect  .   j - +0 cloak
rCorr    .         Harm     .   (no gloves)
MR       .....                  (no boots)
Stlth    ..........             (no amulet)
HPRegen  0.00/turn              (no ring)
MPRegen  0.09/turn              (no ring)

@: mighty, rotting
A: rotting body, claws 1, carnivore, cold resistance 1, negative energy
resistance 3, inhibited regeneration, torment resistance, unbreathing
a: Renounce Religion


You were on level 3 of the Dungeon.
You worshipped Makhleb.
Makhleb was noncommittal.
You were not hungry.

You visited 1 branch of the dungeon, and saw 3 of its levels.

You collected 87 gold pieces.

Inventory:

Hand Weapons
 m - a +4 spear of venom (weapon)
Armour
 a - a +0 scale mail (worn)
 b - a +0 shield (worn)
 j - a +0 cloak (worn)
 n - a +0 helmet (worn)
Jewellery
 o - an uncursed amulet of the acrobat
Scrolls
 h - a scroll of amnesia {unknown}
 k - 2 scrolls of identify {unknown}
 l - a scroll of magic mapping {unknown}
 q - a scroll of blinking {unknown}
 r - a scroll of noise {unknown}
Potions
 e - a potion of berserk rage {unknown}
 f - a potion of brilliance {unknown}
 g - a potion of lignification {unknown}
 i - a potion of curing {unknown}
 p - 2 potions of flight {unknown}
Comestibles
 d - 7 rations
 s - 3 chunks of flesh


   Skills:
 + Level 4.2 Fighting
 + Level 3.4 Armour
 + Level 1.9 Dodging
 + Level 3.4 Shields
 * Level 4.3 Unarmed Combat


You had 5 spell levels left.
You didn't know any spells.
Your spell library was empty.

Dungeon Overview and Level Annotations

Branches:
Dungeon (3/15)

Altars:
Makhleb

Annotations:
D:3 Sigmund


Innate Abilities, Weirdness & Mutations

Your body is rotting away.
You thrive on raw meat.
You are immune to poison.
You have sharp fingernails.
You are carnivorous and can eat meat at any time.
Your flesh is cold resistant. (rC+)
You are immune to negative energy. (rN+++)
You do not regenerate when monsters are visible.
You are immune to unholy pain and torment.
You can survive without breathing.


Message History

You kill the adder!
Makhleb accepts your kill.
A magic dart appears from out of thin air!
The magic dart hits you. Something hits you! Something hits you!
You hit something. Something hits you.
You closely miss something.
You hear some strange, mumbled words.
You are confused.
You bump into the rock wall.
Something hits you.
* * * LOW HITPOINT WARNING * * *
You bump into the rock wall.
You bump into the rock wall.
Something hits you but does no damage.
Your shield and scale mail prevent you from hitting something.
Something hits you!
* * * LOW HITPOINT WARNING * * *
You feel very mighty all of a sudden.
You feel less confused.
You closely miss something. Something hits you.
You die...

▒ ▒· ·▒· ·▒· ▒ ··
▒·▒·▒▒▒▒▒ ▒·▒·····▒
·▒ ▒····▒▒·▒ ·▒
▒▒▒▒▒▒·{▒▒·▒▒·▒
·······@······▒▒▒▒▒▒
▒▒▒▒▒▒▒▒▒▒·········▒
················▒
··▒▒▒▒··········▒
········÷···<···▒
·▒·▒············▒
▒············▒▒▒▒ ▒
▒·······)········
▒·▒▒▒▒▒▒▒▒▒····▒▒▒


There were no monsters in sight!

Vanquished Creatures
  A crimson imp (D:2)
  Natasha (thrice) (D:2)
  Robin (D:2)
  6 adders
  2 oozes (D:2)
  A dart slug (D:1)
  3 worms (D:2)
  A leopard gecko (D:1)
  5 giant cockroaches (D:2)
  9 goblins
  9 hobgoblins (D:1)
  7 kobolds
  2 quokkas (D:2)
  3 bats
  2 frilled lizards
  6 rats
61 creatures vanquished.

Notes
Turn   | Place    | Note
-------+----------+-------------------------------------------
     0 | D:1      | Azzok the Ghoul Fighter began the quest for the Orb.
     0 | D:1      | Reached XP level 1. HP: 19/19 MP: 0/0
   362 | D:1      | Reached XP level 2. HP: 26/26 MP: 1/1
   941 | D:2      | Reached XP level 3. HP: 31/31 MP: 2/2
   956 | D:2      | Noticed Robin
  1172 | D:1      | Reached skill level 1 in Dodging
  1359 | D:2      | Killed Robin
  1359 | D:2      | Reached XP level 4. HP: 32/40 MP: 3/3
  1425 | D:2      | Noticed Natasha
  1433 | D:2      | Killed Natasha
  1646 | D:2      | Found a burning altar of Makhleb.
  1665 | D:2      | Reached XP level 5. HP: 44/46 MP: 4/4
  1668 | D:2      | Became a worshipper of Makhleb the Destroyer
  1990 | D:2      | Noticed Natasha
  2019 | D:2      | Killed Natasha
  2323 | D:2      | Noticed Natasha
  2325 | D:2      | Killed Natasha
  2325 | D:2      | Reached XP level 6. HP: 47/52 MP: 5/5
  2463 | D:3      | Noticed Sigmund
  2479 | D:3      | HP: 2/52 [something (10)]
  2481 | D:3      | Slain by Sigmund

Levels and vault maps discovered:
D:1:      dpeg_arrival_more_subterranean_lakeside_camping, layout_loops_corners
D:2:      layout_rooms, makhleb_grotto_becter, first_ration, uniq_natasha,
          uniq_robin
D:3:      layout_basic, lemuel_coloured_pillars_altar, ebering_ghost_gozag,
          uniq_sigmund

Skill      XL: |  1  2  3  4  5 |
---------------+----------------+-----
Unarmed Combat | 3 4 |  4.3
Dodging        | 1 |  1.9
Armour         | 3 |  3.4
Shields        | 3 |  3.4
Fighting       | 4 |  4.2

Action                   |  1- 3 |  4- 6 || total
-------------------------+-------+-------++-------
Melee: Unarmed           |   131 |       ||   131
       Spear             |       |   105 ||   105
  Use: Potion            |       |     1 ||     1
  Eat: Chunk             |     3 |     4 ||     7
Armor: Scale mail        |    45 |    42 ||    87
Dodge: Dodged            |    30 |    25 ||    55
Block: Shield            |    63 |    35 ||    98

Table legend:
 A = Non-vault XP
 B = Vault XP
 C = Vault XP percentage of total XP
 D = Non-vault monster count
 E = Vault monster count
 F = Vault count percentage of total count
                 A         B        C        D         E       F
            +---------+---------+-------+---------+---------+-------
      Total |     236 |     122 |  34.1 |      47 |      14 |  23.0
            +---------+---------+-------+---------+---------+-------
        D:1 |      38 |      18 |  32.1 |      15 |       9 |  37.5
        D:2 |     183 |     104 |  36.2 |      29 |       5 |  14.7
        D:3 |      15 |       0 |   0.0 |       3 |       0 |   0.0
            +---------+---------+-------+---------+---------+-------
